 Dungeon Crawl Stone Soup version 0.21.0-3-g78d12a8 (webtiles) character file.

47 asishallab the Shield-Bearer (level 3, -3/29 HPs)
             Began as a Formicid Fighter on Jan 6, 2018.
             Was an Initiate of Wu Jian.
             Slain by a gnoll
             ... wielding a +0 spear
              (5 damage)
             ... on level 2 of the Dungeon on Jan 8, 2018.
             The game lasted 00:03:55 (999 turns).

asishallab the Shield-Bearer (Formicid Fighter)      Turns: 999, Time: 00:03:55

Health: -3/29      AC:  6    Str: 20    XL:     3   Next: 97%
Magic:  3/3        EV:  8    Int:  7    God:    Wu Jian [......]
Gold:   94         SH:  9    Dex: 11    Spells: 2/2 levels left

rFire    . . .     SeeInvis +   a - +0 war axe
rCold    . . .     Gourm    .   c - +0 shield
rNeg     . . .     Faith    .   b - +0 scale mail
rPois    .         Spirit   .   (helmet unavailable)
rElec    .         Reflect  .   (no cloak)
rCorr    .         Harm     .   (no gloves)
MR       .....                  (no boots)
Stlth    ..........             (no amulet)
HPRegen  0.09/turn              (no ring)
MPRegen  0.08/turn              (no ring)

@: no status effects
A: permanent stasis, dig shafts and tunnels, four strong arms, antennae 3
a: Dig, Shaft Self, Renounce Religion


You were on level 2 of the Dungeon.
You worshipped Wu Jian.
Wu Jian was noncommittal.
You were not hungry.

You visited 1 branch of the dungeon, and saw 2 of its levels.

You collected 94 gold pieces.

Inventory:

Hand Weapons
 a - a +0 war axe (weapon)
 g - a +0 hunting sling
Missiles
 e - 44 stones (quivered)
Armour
 b - a +0 scale mail (worn)
 c - a +0 shield (worn)
Scrolls
 h - a scroll of magic mapping {unknown}
 j - a scroll of blinking {unknown}
 m - 4 scrolls of remove curse {unknown}
 q - a scroll of identify {unknown}
Potions
 k - a potion of lignification {unknown}
 l - a potion of curing {unknown}
 n - a potion of degeneration {unknown}
 p - 2 potions of agility {unknown}
Comestibles
 f - 3 rations
 o - a chunk of flesh


   Skills:
 - Level 3.2 Fighting
 * Level 3.4 Axes
 - Level 3.2 Armour
 + Level 4.3 Shields


You had 2 spell levels left.
You didn't know any spells.

Dungeon Overview and Level Annotations

Branches:
Dungeon (2/15)

Altars:
Wu Jian


Innate Abilities, Weirdness & Mutations

You cannot be hasted, slowed, berserked, paralysed or teleported.
You can dig through walls and to a lower floor.
Your four strong arms can wield two-handed weapons with a shield.
You have a pair of large antennae on your head. (SInv)


Message History

The gnoll hits you but does no damage. The gnoll hits you.
* * * LOW HITPOINT WARNING * * *
You are too injured to fight recklessly!
You are too injured to fight recklessly!
You feel very mighty all of a sudden. The gnoll barely misses you.
The gnoll hits you but does no damage.
It was a potion of cancellation.
Your magical effects are unravelling.
You feel magically purged.
You feel a little less mighty now. The gnoll hits you.
* * * LOW HITPOINT WARNING * * *
The gnoll barely misses you.
A gnoll comes into view. It is wielding a spear.
The gnoll shouts!
You slash the gnoll!
You kill the gnoll!
The Council accepts your kill.
The gnoll hits you from afar with a spear.
You die...

##.# #... #..# #..#
####.<## #.......
#.##..## ##############
#.......
#.ggg†@......###.......
...gS####.....#.........
((. #..................
(g #.##.....#.........
#.##.....##........
#.####.####........
#...##.# #.####...
###.##.# #.# ##.. {
#.##.# #.# ##.


You could see 3 gnolls, an adder and a goblin.

Vanquished Creatures
  A gnoll (D:2)
  An ooze (D:1)
  2 leopard geckos (D:1)
  7 bats
  5 goblins (D:1)
  A hobgoblin (D:1)
  3 jackals (D:1)
  6 frilled lizards (D:1)
  2 kobolds (D:1)
  6 rats
34 creatures vanquished.

Notes
Turn   | Place    | Note
-------+----------+-------------------------------------------
     0 | D:1      | asishallab the Formicid Fighter began the quest for the Orb.
     0 | D:1      | Reached XP level 1. HP: 18/18 MP: 1/1
   165 | D:1      | Reached XP level 2. HP: 21/24 MP: 2/2
   230 | D:1      | Reached skill level 4 in Shields
   427 | D:1      | Reached XP level 3. HP: 29/29 MP: 3/3
   893 | D:2      | Found an ornate altar of the Wu Jian Council.
   899 | D:2      | Upgraded the game from 0.21.0 to 0.21.0-3-g78d12a8
   899 | D:2      | Became a worshipper of the Wu Jian Council
   999 | D:2      | Slain by a gnoll

Skill      XL: |  1  2 |
---------------+-------+-----
Shields        | 4 |  4.3
Axes           | 3 |  3.4
Fighting       | |  3.2
Armour         | |  3.2

Action                   || total
-------------------------++-------
Melee: War axe           ||   101
Throw: Stone             ||    21
Invok: Lunge             ||     2
 Abil: Dig               ||     1
  Use: Potion            ||     2
  Eat: Chunk             ||     1
Armor: Scale mail        ||    55
Dodge: Dodged            ||    43
Block: Shield            ||    51
